Carnivores vs Inferno
(R1)
Created - 10 décembre 2015 at 19:17
Goals
|
| Carnivores |
1 |
3 |
2 |
6 |
| Inferno |
1 |
2 |
1 |
4 |
|
Shots
|
| Carnivores |
11 |
19 |
11 |
41 |
| Inferno |
10 |
6 |
18 |
34 |
|
1st period
1. Inferno , Brian Boyle 6 (Pavel Vorobiev) at 11:16
2. Carnivores , Anton Gustafsson 13 (Jeremy Williams, Jeremy Welsh) at 16:35
Penalties :
Frederic St-Denis (Bre) for Tripping (Minor) at 8:46, Yannick Weber (Anc) for Holding (Minor) at 12:12
2nd period
3. Inferno , Mikhail Grabovski 17 (Stephane Veilleux) at 2:55
4. Inferno , Cal O'Reilly 4 (Beau Bennett, Stephane Veilleux) at 5:19
5. Carnivores , James Van Riemsdyk 4 (Brendan Gallagher, Bobby Sanguinetti) at 7:31
6. Carnivores , Chris Lawrence 17 (Andy Miele, John Moore) at 12:41 (PP)
7. Carnivores , Blake Geoffrion 15 (Phil Oreskovic) at 14:00 (PP)
Penalties :
Zach Redmond (Anc) for Tripping (Minor) at 11:39, Yannick Weber (Anc) for Hooking (Minor) at 12:08, Colby Robak (Anc) for Roughing (Minor) at 16:20
3rd period
8. Inferno , Jonathan Ferland 23 (Stephane Veilleux, David Savard) at 6:25
9. Carnivores , Jeremy Williams 6 (Jeremy Welsh) at 18:48
10. Carnivores , John Moore 2 (Chris Butler, Anton Lander) at 19:21
Penalties :
Colby Robak (Anc) for Tripping (Minor) at 2:14, Cal O'Reilly (Anc) for Tripping (Minor) at 10:38, Jeremy Welsh (Bre) for Holding (Minor) at 13:30
Goalie Stats
Antti Raanta (Bre), 9 saves from 12 shots - (0,750), 25:19 minutes
Ray Emery (Bre), 21 saves from 22 shots - (0,955), W, 4-6-1, 34:41 minutes
Michael Hutchinson (Anc), 35 saves from 41 shots - (0,854), L, 4-3-0, 60:00 minutes
Players Stats for Carnivores
Player Name G A P +/- PIM S H SB GA TA FO MP PP MP PK MP
------------------------------------------------------------------------------------
Andy Miele 0 1 1 -1 0 4 1 0 2 1 3/12 17:39 4:08 0:52
Anton Gustafsson 1 0 1 2 0 2 0 1 1 0 3/7 11:23 0:00 0:00
Anton Lander 0 1 1 0 0 1 0 0 0 0 8/11 10:38 0:42 2:17
Billy Sweat 0 0 0 0 0 2 2 0 0 0 0/0 6:57 0:45 0:00
Blake Geoffrion 1 0 1 -1 0 5 2 0 1 0 0/2 16:47 4:08 0:00
Bobby Sanguinetti 0 1 1 0 0 3 0 0 0 0 0/0 23:01 5:34 0:00
Brendan Gallagher 0 1 1 -1 0 2 4 0 1 1 0/1 19:31 5:27 0:00
Chris Butler 0 1 1 0 0 0 2 1 0 0 0/0 15:20 4:40 1:04
Chris Lawrence 1 0 1 -2 0 4 1 2 0 0 0/2 19:58 4:08 2:17
Colton Orr 0 0 0 1 0 4 1 0 0 1 0/0 8:12 0:35 0:52
Frederic St-Denis 0 0 0 -1 2 1 1 1 0 0 0/0 9:07 0:00 0:53
James Van Riemsdyk 1 0 1 0 0 4 2 0 1 0 0/1 20:50 5:24 0:49
Jeremy Welsh 0 2 2 2 2 1 1 1 0 0 0/0 11:45 0:00 0:00
Jeremy Williams 1 1 2 2 0 1 0 2 2 0 0/0 11:23 0:00 0:00
John Moore 1 1 2 1 0 4 0 1 1 4 0/0 26:03 5:34 2:01
Mikael Granlund 0 0 0 -1 0 3 0 0 0 0 16/31 20:27 5:34 0:49
Patrick McNeill 0 0 0 0 0 0 0 0 0 0 0/0 6:28 0:03 0:00
Phil Oreskovic 0 1 1 0 0 0 2 3 1 1 0/0 19:46 4:40 2:01
Sasha Pokulok 0 0 0 -1 0 0 1 2 0 1 0/0 14:49 0:03 1:57
Zach Jones 0 0 0 0 0 0 0 0 0 0 0/0 5:56 0:00 0:00
Players Stats for Inferno
Player Name G A P +/- PIM S H SB GA TA FO MP PP MP PK MP
------------------------------------------------------------------------------------
Anders Lee 0 0 0 0 0 0 2 0 0 0 0/0 8:16 0:00 0:00
Beau Bennett 0 1 1 0 0 3 0 0 2 0 0/0 8:16 0:00 0:00
Brendan Mikkelson 0 0 0 -2 0 1 2 1 0 0 0/0 29:13 2:44 5:58
Brian Boyle 1 0 1 0 0 1 2 1 1 1 6/8 14:55 0:00 2:51
Cal O'Reilly 1 0 1 0 2 4 0 0 1 0 2/4 8:28 0:00 0:00
Colby Robak 0 0 0 0 4 0 2 0 0 2 0/0 19:02 0:00 1:58
David Savard 0 1 1 2 0 1 2 0 0 0 0/0 14:46 1:14 3:56
David Ullstrom 0 0 0 0 0 3 0 0 0 2 0/0 13:18 2:00 0:00
Jonathan Ferland 1 0 1 0 0 3 1 0 1 0 0/0 18:51 1:58 2:51
Matt Kassian 0 0 0 0 0 0 1 1 0 0 0/0 13:02 0:00 1:06
Mikhail Grabovski 1 0 1 0 0 4 1 1 0 0 17/32 17:31 1:58 1:39
Pavel Vorobiev 0 1 1 0 0 1 1 0 0 0 0/0 11:34 0:00 0:00
Sami Vatanen 0 0 0 0 0 1 1 1 1 0 0/0 21:42 1:14 4:19
Stephane Veilleux 0 3 3 0 0 3 2 0 0 0 0/3 21:30 1:58 5:47
Vladimir Sobotka 0 0 0 0 0 1 2 0 1 2 11/17 19:18 2:00 5:47
Vladimir Zharkov 0 0 0 0 0 4 2 1 2 0 1/3 13:18 2:00 0:00
Yannick Weber 0 0 0 -2 4 4 0 2 0 2 0/0 25:16 2:44 3:18
Zach Redmond 0 0 0 2 2 0 0 0 0 1 0/0 10:48 0:00 1:04
3 Stars
1 - Jeremy Williams (Bre)
2 - John Moore (Bre)
3 - Stephane Veilleux (Anc)
Power Play
Carnivores - 2 on 6 Attempt(s) - 33,33%
Inferno - 0 on 2 Attempt(s) - 0,00%
Penalty Kill
Carnivores - 2 on 2 Attempt(s) - 100,00%
- Score 0 goal in Penalty Kill
Inferno - 4 on 6 Attempt(s) - 66,67%
- Score 0 goal in Penalty Kill
Team Stat
Carnivores - Hits : 20 - Faceoff Wins : 30 - Blocked Shots : 14 - Penalty Minutes : 4
Inferno - Hits : 21 - Faceoff Wins : 37 - Blocked Shots : 8 - Penalty Minutes : 12
Official
Referees : Devorski Paul and Hebert Ghislain
Linesman : Mark Wheler and Dan Schachte
Game Notes
Ray Emery enters game at 5:19 of 2nd period
7:31 of 2nd period - Carnivores goal is going for a video replay. After video review, Goal.
Finance
Level 1 -- Attendance: 1434 (71,70%) -- Ticket Income 50 190 $
Level 2 -- Attendance: 771 (77,10%) -- Ticket Income 11 565 $
Total Attendance: 2205 (73,50%)
Total Ticket Income: 61 755 $
Other Income: 3 088 $
Total Income: 64 843 $
Carnivores
5 vs 5 Forward
Center Left Wing Right Wing Time % Phy DF OF
1 Mikael Granlund James Van Riemsdyk Brendan Gallagher 36 1 2 2
2 Andy Miele Blake Geoffrion Chris Lawrence 33 1 2 2
3 Anton Gustafsson Jeremy Welsh Jeremy Williams 20 1 2 2
4 Anton Lander Billy Sweat Colton Orr 11 2 1 2
5 vs 5 Defense
Defense Defense Time % Phy DF OF
1 Bobby Sanguinetti John Moore 40 1 2 2
2 Phil Oreskovic Sasha Pokulok 30 1 2 2
3 Chris Butler Frederic St-Denis 20 1 2 2
4 Patrick McNeill Zach Jones 10 1 2 2
PowerPlay Forward
Center Left Wing Right Wing Time % Phy DF OF
1 Mikael Granlund James Van Riemsdyk Brendan Gallagher 53 1 1 3
2 Andy Miele Blake Geoffrion Chris Lawrence 47 1 1 3
PowerPlay Defense
Defense Defense Time % Phy DF OF
1 Bobby Sanguinetti John Moore 60 1 1 3
2 Chris Butler Phil Oreskovic 40 1 1 3
Penalty Kill 4 Players Forward
Center Wing Time % Phy DF OF
1 Anton Lander Chris Lawrence 60 1 3 1
2 Andy Miele Colton Orr 40 1 3 1
Penalty Kill 4 Players Defense
Defense Defense Time % Phy DF OF
1 Phil Oreskovic John Moore 60 1 3 1
2 Frederic St-Denis Sasha Pokulok 40 1 3 1
Penalty Kill - 3 Players Forward
Forward Time % Phy DF OF
1 Anton Lander 60 1 4 0
2 Andy Miele 40 1 4 0
Penalty Kill - 3 Players Defense
Defense Defense Time % Phy DF OF
1 Phil Oreskovic John Moore 60 2 3 0
2 Frederic St-Denis Sasha Pokulok 40 2 3 0
4 vs 4 Forward
Center Wing Time % Phy DF OF
1 Andy Miele James Van Riemsdyk 60 1 2 2
2 Anton Lander Brendan Gallagher 40 1 2 2
4 vs 4 Defense
Defense Defense Time % Phy DF OF
1 Bobby Sanguinetti John Moore 60 1 2 2
2 Phil Oreskovic Sasha Pokulok 40 1 2 2
Last Minutes Offensive
Center Left Wing Right Wing Defense Defense
Mikael Granlund James Van Riemsdyk Brendan Gallagher Bobby Sanguinetti John Moore
Last Minutes Defensive
Center Left Wing Right Wing Defense Defense
Anton Lander Colton Orr James Van Riemsdyk Sasha Pokulok John Moore
Goaltenders
Starting : Antti Raanta
Backup : Ray Emery
Extra Forwards
Normal : Anton Lander, James Van Riemsdyk, Chris Lawrence - PP : Anton Lander, Brendan Gallagher - PK : Anton Lander
Extra Defensemen
Normal : John Moore, Sasha Pokulok, Phil Oreskovic - PP : John Moore - PK : Sasha Pokulok, John Moore
Penalty Shots
Anton Lander, Anton Gustafsson, Blake Geoffrion, Chris Lawrence, Brendan Gallagher
Inferno
5 vs 5 Forward
Center Left Wing Right Wing Time % Phy DF OF
1 Mikhail Grabovski Stephane Veilleux Jonathan Ferland 40 1 2 2
2 Vladimir Sobotka David Ullstrom Vladimir Zharkov 30 1 2 2
3 Brian Boyle Matt Kassian Pavel Vorobiev 20 1 2 2
4 Cal O'Reilly Anders Lee Beau Bennett 10 1 2 2
5 vs 5 Defense
Defense Defense Time % Phy DF OF
1 Brendan Mikkelson Yannick Weber 40 1 2 2
2 Sami Vatanen Colby Robak 30 1 2 2
3 David Savard Zach Redmond 20 1 2 2
4 Brendan Mikkelson Colby Robak 10 1 2 2
PowerPlay Forward
Center Left Wing Right Wing Time % Phy DF OF
1 Mikhail Grabovski Stephane Veilleux Jonathan Ferland 60 1 2 2
2 Vladimir Sobotka David Ullstrom Vladimir Zharkov 40 1 2 2
PowerPlay Defense
Defense Defense Time % Phy DF OF
1 Brendan Mikkelson Yannick Weber 60 1 2 2
2 Sami Vatanen David Savard 40 1 2 2
Penalty Kill 4 Players Forward
Center Wing Time % Phy DF OF
1 Vladimir Sobotka Stephane Veilleux 60 1 2 2
2 Brian Boyle Jonathan Ferland 40 1 2 2
Penalty Kill 4 Players Defense
Defense Defense Time % Phy DF OF
1 Brendan Mikkelson Yannick Weber 60 1 2 2
2 Sami Vatanen Colby Robak 40 1 2 2
Penalty Kill - 3 Players Forward
Forward Time % Phy DF OF
1 Mikhail Grabovski 60 1 2 2
2 Vladimir Sobotka 40 1 2 2
Penalty Kill - 3 Players Defense
Defense Defense Time % Phy DF OF
1 Brendan Mikkelson Yannick Weber 60 1 2 2
2 Sami Vatanen Colby Robak 40 1 2 2
4 vs 4 Forward
Center Wing Time % Phy DF OF
1 Mikhail Grabovski Stephane Veilleux 60 1 2 2
2 Vladimir Sobotka Jonathan Ferland 40 1 2 2
4 vs 4 Defense
Defense Defense Time % Phy DF OF
1 Brendan Mikkelson Yannick Weber 60 1 2 2
2 Sami Vatanen Colby Robak 40 1 2 2
Last Minutes Offensive
Center Left Wing Right Wing Defense Defense
Mikhail Grabovski Stephane Veilleux Jonathan Ferland Brendan Mikkelson Yannick Weber
Last Minutes Defensive
Center Left Wing Right Wing Defense Defense
Mikhail Grabovski Stephane Veilleux Jonathan Ferland Brendan Mikkelson Yannick Weber
Goaltenders
Starting : Michael Hutchinson
Backup : Josh Harding
Extra Forwards
Normal : Vladimir Sobotka, Vladimir Zharkov, Anders Lee - PP : Pavel Vorobiev, Matt Kassian - PK : Mikhail Grabovski
Extra Defensemen
Normal : Colby Robak, David Savard, Zach Redmond - PP : Sami Vatanen - PK : David Savard, Zach Redmond
Penalty Shots
Mikhail Grabovski, Vladimir Zharkov, Jonathan Ferland, Anders Lee, Stephane Veilleux
% Time on Ice - Carnivores
Lines # - Real PCT - Wanted PCT - Time Play
Normal Forward
1 - 33% - 36% - 14:58
2 - 28% - 33% - 12:39
3 - 25% - 20% - 11:23
4 - 14% - 11% - 6:12
Normal Defense
1 - 41% - 40% - 18:24
2 - 29% - 30% - 13:08
3 - 17% - 20% - 7:44
4 - 13% - 10% - 5:56
PP Forward
1 - 56% - 53% - 5:43
2 - 44% - 47% - 4:34
PP Defense
1 - 55% - 60% - 5:37
2 - 45% - 40% - 4:40
PK Forward
1 - 78% - 60% - 3:06
2 - 22% - 40% - 0:52
PK Defense
1 - 51% - 60% - 2:01
2 - 49% - 40% - 1:57
PK3 Forward
1 - 0% - 60%
2 - 0% - 40%
PK3 Defense
1 - 0% - 60%
2 - 0% - 40%
44 Forward
1 - 0% - 60%
2 - 0% - 40%
44 Defense
1 - 0% - 60%
2 - 0% - 40%
Last Minute Offensive - 0:00
Last Minute Defensive - 0:33
Total
Forward - 60:00
Defense - 60:00
|
% Time on Ice - Inferno
Lines # - Real PCT - Wanted PCT - Time Play
Normal Forward
1 - 30% - 40% - 13:34
2 - 26% - 30% - 11:48
3 - 26% - 20% - 11:34
4 - 18% - 10% - 8:16
Normal Defense
1 - 41% - 40% - 18:42
2 - 36% - 30% - 16:09
3 - 20% - 20% - 9:05
4 - 3% - 10% - 1:16
PP Forward
1 - 50% - 60% - 1:58
2 - 50% - 40% - 2:00
PP Defense
1 - 69% - 60% - 2:44
2 - 31% - 40% - 1:14
PK Forward
1 - 71% - 60% - 6:53
2 - 29% - 40% - 2:51
PK Defense
1 - 56% - 60% - 5:25
2 - 44% - 40% - 4:19
PK3 Forward
1 - 100% - 60% - 0:33
2 - 0% - 40% - 0:00
PK3 Defense
1 - 100% - 60% - 0:33
2 - 0% - 40% - 0:00
44 Forward
1 - 0% - 60%
2 - 0% - 40%
44 Defense
1 - 0% - 60%
2 - 0% - 40%
Last Minute Offensive - 0:33
Last Minute Defensive - 0:00
Total
Forward - 60:00
Defense - 60:00
|
Play by Play
1st period
0:01 of 1st period - Mikhail Grabovski wins face-off versus Mikael Granlund in neutral zone.
1:14 of 1st period - Sasha Pokulok is hit by Colby Robak and loses puck.
1:27 of 1st period - Anton Lander is hit by Sami Vatanen and loses puck.
1:58 of 1st period - Snap shot by Vladimir Zharkov.
1:58 of 1st period - Stopped by Antti Raanta with a rebound.
2:12 of 1st period - Backhand shot by Pavel Vorobiev.
2:12 of 1st period - Shot Blocked by Chris Lawrence.
2:47 of 1st period - Icing by Colby Robak.
2:48 of 1st period - Anton Lander wins face-off versus Cal O'Reilly in Inferno zone.
2:57 of 1st period - Snap shot by Blake Geoffrion.
2:57 of 1st period - Shot Misses the Net.
2:59 of 1st period - Snap shot by John Moore.
2:59 of 1st period - Shot Misses the Net.
3:01 of 1st period - Snap shot by Andy Miele.
3:01 of 1st period - Stopped by Michael Hutchinson without a rebound.
3:02 of 1st period - Mikhail Grabovski wins face-off versus Mikael Granlund in Inferno zone.
3:30 of 1st period - Snap shot by Vladimir Zharkov.
3:30 of 1st period - Stopped by Antti Raanta without a rebound.
3:31 of 1st period - Vladimir Zharkov wins face-off versus Blake Geoffrion in Carnivores zone.
3:36 of 1st period - Wrist shot by Vladimir Zharkov.
3:36 of 1st period - Shot Blocked by Chris Lawrence.
3:59 of 1st period - Snap shot by Blake Geoffrion.
3:59 of 1st period - Stopped by Michael Hutchinson with a rebound.
4:13 of 1st period - Wrist shot by Chris Lawrence.
4:13 of 1st period - Shot Misses the Net.
4:21 of 1st period - Chris Lawrence is hit by Vladimir Zharkov.
5:23 of 1st period - Wrist shot by Andy Miele.
5:23 of 1st period - Shot Misses the Net.
5:35 of 1st period - Wrist shot by Chris Lawrence.
5:35 of 1st period - Stopped by Michael Hutchinson without a rebound.
5:36 of 1st period - Mikael Granlund wins face-off versus Mikhail Grabovski in Inferno zone.
5:41 of 1st period - Wrist shot by James Van Riemsdyk.
5:41 of 1st period - Stopped by Michael Hutchinson with a rebound.
6:02 of 1st period - Pavel Vorobiev is hit by Phil Oreskovic and loses puck.
6:11 of 1st period - Phil Oreskovic is hit by David Savard and loses puck.
6:32 of 1st period - Wrist shot by Colton Orr.
6:32 of 1st period - Stopped by Michael Hutchinson without a rebound.
6:33 of 1st period - Mikhail Grabovski wins face-off versus Mikael Granlund in Inferno zone.
6:33 of 1st period - Mikhail Grabovski is hit by James Van Riemsdyk.
6:39 of 1st period - Snap shot by Mikhail Grabovski.
6:39 of 1st period - Deflect By Jonathan Ferland.
6:39 of 1st period - Shot Misses the Net.
6:39 of 1st period - Puck is out of play.
6:40 of 1st period - Mikael Granlund wins face-off versus Mikhail Grabovski in Carnivores zone.
7:26 of 1st period - Beau Bennett is hit by Billy Sweat and loses puck.
7:53 of 1st period - Anton Lander is hit by Stephane Veilleux.
8:05 of 1st period - Mikael Granlund is hit by Matt Kassian and loses puck.
8:46 of 1st period - Minor Penalty to Frederic St-Denis for Tripping.
8:47 of 1st period - Anton Lander wins face-off versus Mikhail Grabovski in Carnivores zone.
8:57 of 1st period - Snap shot by Mikhail Grabovski.
8:57 of 1st period - Shot Blocked by John Moore.
10:46 of 1st period - Penalty to Frederic St-Denis is over, Frederic St-Denis is back on ice.
11:01 of 1st period - Slapshot by Cal O'Reilly.
11:01 of 1st period - Stopped by Antti Raanta with a rebound.
11:03 of 1st period - Slapshot by Cal O'Reilly.
11:03 of 1st period - Stopped by Antti Raanta with a rebound.
11:05 of 1st period - Snap shot by Anders Lee.
11:05 of 1st period - Shot Misses the Net.
11:07 of 1st period - Slapshot by Zach Redmond.
11:07 of 1st period - Shot Blocked by Sasha Pokulok.
11:10 of 1st period - Icing by Anton Lander.
11:11 of 1st period - Brian Boyle wins face-off versus Chris Lawrence in Carnivores zone.
11:16 of 1st period - Snap shot by Brian Boyle.
11:16 of 1st period - Goal by Brian Boyle - Carnivores : 0 - Inferno : 1.
11:17 of 1st period - Mikhail Grabovski wins face-off versus Mikael Granlund in neutral zone.
11:42 of 1st period - Brian Boyle is hit by Jeremy Welsh and loses puck.
11:49 of 1st period - Wrist shot by Jeremy Welsh.
11:49 of 1st period - Stopped by Michael Hutchinson without a rebound.
11:50 of 1st period - Mikhail Grabovski wins face-off versus Chris Lawrence in Inferno zone.
11:50 of 1st period - Mikhail Grabovski is hit by Blake Geoffrion.
11:58 of 1st period - Slapshot by Andy Miele.
11:58 of 1st period - Shot Misses the Net.
12:12 of 1st period - Minor Penalty to Yannick Weber for Holding.
12:13 of 1st period - Vladimir Sobotka wins face-off versus Brendan Gallagher in Inferno zone.
14:12 of 1st period - Penalty to Yannick Weber is over, Yannick Weber is back on ice.
14:24 of 1st period - Wrist shot by Beau Bennett.
14:24 of 1st period - Stopped by Antti Raanta with a rebound.
14:55 of 1st period - Anton Lander is hit by Vladimir Sobotka and loses puck.
15:08 of 1st period - David Savard is hit by Colton Orr and loses puck.
15:24 of 1st period - Icing by David Ullstrom.
15:25 of 1st period - Mikael Granlund wins face-off versus Vladimir Sobotka in Inferno zone.
15:26 of 1st period - Wrist shot by James Van Riemsdyk.
15:26 of 1st period - Stopped by Michael Hutchinson with a rebound.
15:28 of 1st period - Snap shot by James Van Riemsdyk.
15:28 of 1st period - Shot Blocked by Vladimir Zharkov.
15:30 of 1st period - Slapshot by John Moore.
15:30 of 1st period - Stopped by Michael Hutchinson with a rebound.
15:32 of 1st period - Slapshot by John Moore.
15:32 of 1st period - Deflect By Brendan Gallagher.
15:32 of 1st period - Shot Misses the Net.
15:32 of 1st period - Puck is out of play.
15:33 of 1st period - Mikhail Grabovski wins face-off versus Mikael Granlund in Inferno zone.
16:14 of 1st period - Brian Boyle is hit by Blake Geoffrion and loses puck.
16:33 of 1st period - Wrist shot by Jeremy Williams.
16:33 of 1st period - Shot Misses the Net.
16:35 of 1st period - Snap shot by Anton Gustafsson.
16:35 of 1st period - Goal by Anton Gustafsson - Carnivores : 1 - Inferno : 1.
16:36 of 1st period - Mikael Granlund wins face-off versus Mikhail Grabovski in neutral zone.
16:41 of 1st period - Mikhail Grabovski is hit by Brendan Gallagher and loses puck.
17:20 of 1st period - Wrist shot by Mikhail Grabovski.
17:20 of 1st period - Stopped by Antti Raanta with a rebound.
17:22 of 1st period - Slapshot by Sami Vatanen.
17:22 of 1st period - Shot Misses the Net.
17:24 of 1st period - Snap shot by Stephane Veilleux.
17:24 of 1st period - Shot Blocked by Sasha Pokulok.
17:30 of 1st period - Snap shot by Stephane Veilleux.
17:30 of 1st period - Deflect By Sasha Pokulok.
17:30 of 1st period - Stopped by Antti Raanta with a rebound.
17:32 of 1st period - Wrist shot by Jonathan Ferland.
17:32 of 1st period - Stopped by Antti Raanta with a rebound.
17:34 of 1st period - Slapshot by Colby Robak.
17:34 of 1st period - Deflect By Mikhail Grabovski.
17:34 of 1st period - Shot Blocked by Phil Oreskovic.
17:34 of 1st period - Puck is out of play.
17:35 of 1st period - Mikael Granlund wins face-off versus Vladimir Zharkov in Carnivores zone.
18:00 of 1st period - John Moore is hit by Anders Lee and loses puck.
18:23 of 1st period - Wrist shot by Blake Geoffrion.
18:23 of 1st period - Stopped by Michael Hutchinson with a rebound.
18:25 of 1st period - Slapshot by Bobby Sanguinetti.
18:25 of 1st period - Shot Blocked by Matt Kassian.
18:29 of 1st period - Snap shot by Blake Geoffrion.
18:29 of 1st period - Stopped by Michael Hutchinson without a rebound.
18:30 of 1st period - Vladimir Sobotka wins face-off versus Andy Miele in Inferno zone.
18:55 of 1st period - Slapshot by Pavel Vorobiev.
18:55 of 1st period - Deflect By Matt Kassian.
18:55 of 1st period - Shot Blocked by Frederic St-Denis.
18:55 of 1st period - Puck is out of play.
18:56 of 1st period - Anton Gustafsson wins face-off versus Brian Boyle in Carnivores zone.
18:56 of 1st period - Jeremy Welsh is hit by Pavel Vorobiev and loses puck.
19:09 of 1st period - Snap shot by Brian Boyle.
19:09 of 1st period - Shot Misses the Net.
19:11 of 1st period - Wrist shot by Pavel Vorobiev.
19:11 of 1st period - Shot Misses the Net.
19:21 of 1st period - Snap shot by Matt Kassian.
19:21 of 1st period - Shot Misses the Net.
19:23 of 1st period - Slapshot by Brendan Mikkelson.
19:23 of 1st period - Shot Misses the Net.
19:25 of 1st period - Snap shot by Matt Kassian.
19:25 of 1st period - Shot Hit the Post.
19:27 of 1st period - Wrist shot by Brian Boyle.
19:27 of 1st period - Shot Misses the Net.
19:29 of 1st period - Slapshot by Yannick Weber.
19:29 of 1st period - Stopped by Antti Raanta with a rebound.
19:53 of 1st period - Wrist shot by Jeremy Williams.
19:53 of 1st period - Shot Misses the Net.
Goals for this period are 1 for Carnivores vs 1 for Inferno.
Shots for this period are 11 for Carnivores vs 10 for Inferno.
2nd period
0:01 of 2nd period - Mikael Granlund wins face-off versus Mikhail Grabovski in neutral zone.
0:01 of 2nd period - Mikael Granlund is hit by Mikhail Grabovski.
0:56 of 2nd period - Wrist shot by Blake Geoffrion.
0:56 of 2nd period - Shot Misses the Net.
1:02 of 2nd period - Chris Lawrence is hit by Vladimir Zharkov and loses puck.
2:29 of 2nd period - Phil Oreskovic is hit by Brian Boyle and loses puck.
2:55 of 2nd period - Slapshot by Mikhail Grabovski.
2:55 of 2nd period - Goal by Mikhail Grabovski - Carnivores : 1 - Inferno : 2.
2:56 of 2nd period - Mikhail Grabovski wins face-off versus Mikael Granlund in neutral zone.
4:02 of 2nd period - Off-side.
4:03 of 2nd period - Anton Lander wins face-off versus Stephane Veilleux in neutral zone.
4:06 of 2nd period - Mikhail Grabovski is hit by Billy Sweat and loses puck.
5:19 of 2nd period - Snap shot by Cal O'Reilly.
5:19 of 2nd period - Goal by Cal O'Reilly - Carnivores : 1 - Inferno : 3.
5:19 of 2nd period - Ray Emery enters game.
5:20 of 2nd period - Mikhail Grabovski wins face-off versus Andy Miele in neutral zone.
5:46 of 2nd period - Brendan Mikkelson is hit by Sasha Pokulok and loses puck.
5:55 of 2nd period - Wrist shot by Mikael Granlund.
5:55 of 2nd period - Stopped by Michael Hutchinson with a rebound.
5:57 of 2nd period - Snap shot by Brendan Gallagher.
5:57 of 2nd period - Stopped by Michael Hutchinson with a rebound.
6:36 of 2nd period - Slapshot by Billy Sweat.
6:36 of 2nd period - Stopped by Michael Hutchinson with a rebound.
7:13 of 2nd period - Snap shot by Mikael Granlund.
7:13 of 2nd period - Stopped by Michael Hutchinson without a rebound.
7:14 of 2nd period - Mikhail Grabovski wins face-off versus Mikael Granlund in Inferno zone.
7:23 of 2nd period - Slapshot by James Van Riemsdyk.
7:23 of 2nd period - Shot Misses the Net.
7:25 of 2nd period - Wrist shot by Brendan Gallagher.
7:25 of 2nd period - Shot Misses the Net.
7:27 of 2nd period - Slapshot by Bobby Sanguinetti.
7:27 of 2nd period - Stopped by Michael Hutchinson with a rebound.
7:29 of 2nd period - Slapshot by Brendan Gallagher.
7:29 of 2nd period - Shot Blocked by Mikhail Grabovski.
7:31 of 2nd period - Slapshot by James Van Riemsdyk.
7:31 of 2nd period - Carnivores goal is going for a video replay.
7:31 of 2nd period - The goal is good.
7:31 of 2nd period - Goal by James Van Riemsdyk - Carnivores : 2 - Inferno : 3.
7:32 of 2nd period - Mikhail Grabovski wins face-off versus James Van Riemsdyk in neutral zone.
7:58 of 2nd period - Vladimir Zharkov is hit by Andy Miele and loses puck.
8:03 of 2nd period - Snap shot by Andy Miele.
8:03 of 2nd period - Stopped by Michael Hutchinson without a rebound.
8:04 of 2nd period - Vladimir Sobotka wins face-off versus Andy Miele in Inferno zone.
8:20 of 2nd period - Sami Vatanen is hit by Phil Oreskovic and loses puck.
8:33 of 2nd period - Colby Robak is hit by Brendan Gallagher and loses puck.
8:56 of 2nd period - Slapshot by Pavel Vorobiev.
8:56 of 2nd period - Shot Misses the Net.
9:17 of 2nd period - Slapshot by Chris Lawrence.
9:17 of 2nd period - Shot Misses the Net.
10:40 of 2nd period - Snap shot by Stephane Veilleux.
10:40 of 2nd period - Stopped by Ray Emery with a rebound.
11:06 of 2nd period - Snap shot by Colton Orr.
11:06 of 2nd period - Stopped by Michael Hutchinson with a rebound.
11:14 of 2nd period - Snap shot by Anton Lander.
11:14 of 2nd period - Shot Misses the Net.
11:16 of 2nd period - Slapshot by Colton Orr.
11:16 of 2nd period - Shot Misses the Net.
11:18 of 2nd period - Wrist shot by Colton Orr.
11:18 of 2nd period - Stopped by Michael Hutchinson with a rebound.
11:30 of 2nd period - Slapshot by Blake Geoffrion.
11:30 of 2nd period - Stopped by Michael Hutchinson without a rebound.
11:31 of 2nd period - Andy Miele wins face-off versus Mikhail Grabovski in Inferno zone.
11:34 of 2nd period - Snap shot by Chris Lawrence.
11:34 of 2nd period - Stopped by Michael Hutchinson with a rebound.
11:39 of 2nd period - Minor Penalty to Zach Redmond for Tripping.
11:40 of 2nd period - Vladimir Sobotka wins face-off versus Mikael Granlund in Inferno zone.
11:43 of 2nd period - Off-side.
11:44 of 2nd period - Mikael Granlund wins face-off versus Stephane Veilleux in neutral zone.
11:49 of 2nd period - Backhand shot by Brendan Gallagher.
11:49 of 2nd period - Shot Misses the Net.
11:51 of 2nd period - Wrist shot by Brendan Gallagher.
11:51 of 2nd period - Shot Misses the Net.
11:53 of 2nd period - Slapshot by John Moore.
11:53 of 2nd period - Stopped by Michael Hutchinson without a rebound.
11:54 of 2nd period - Vladimir Sobotka wins face-off versus Mikael Granlund in Inferno zone.
12:05 of 2nd period - Slapshot by John Moore.
12:05 of 2nd period - Stopped by Michael Hutchinson without a rebound.
12:06 of 2nd period - Vladimir Sobotka wins face-off versus Mikael Granlund in Inferno zone.
12:08 of 2nd period - Minor Penalty to Yannick Weber for Hooking.
12:09 of 2nd period - Mikhail Grabovski wins face-off versus Mikael Granlund in Inferno zone.
12:25 of 2nd period - Snap shot by James Van Riemsdyk.
12:25 of 2nd period - Deflect By Mikael Granlund.
12:25 of 2nd period - Stopped by Michael Hutchinson without a rebound.
12:26 of 2nd period - Mikhail Grabovski wins face-off versus Andy Miele in Inferno zone.
12:37 of 2nd period - Slapshot by Andy Miele.
12:37 of 2nd period - Stopped by Michael Hutchinson with a rebound.
12:39 of 2nd period - Snap shot by Andy Miele.
12:39 of 2nd period - Stopped by Michael Hutchinson with a rebound.
12:41 of 2nd period - Snap shot by Chris Lawrence.
12:41 of 2nd period - Goal by Chris Lawrence - Carnivores : 3 - Inferno : 3.
12:42 of 2nd period - Mikael Granlund wins face-off versus Vladimir Sobotka in neutral zone.
12:55 of 2nd period - Wrist shot by Mikael Granlund.
12:55 of 2nd period - Shot Misses the Net.
12:57 of 2nd period - Wrist shot by Brendan Gallagher.
12:57 of 2nd period - Stopped by Michael Hutchinson with a rebound.
13:26 of 2nd period - Off-side.
13:27 of 2nd period - Brian Boyle wins face-off versus Mikael Granlund in neutral zone.
14:00 of 2nd period - Snap shot by Blake Geoffrion.
14:00 of 2nd period - Deflect By Vladimir Sobotka.
14:00 of 2nd period - Goal by Blake Geoffrion - Carnivores : 4 - Inferno : 3.
14:01 of 2nd period - Mikael Granlund wins face-off versus Mikhail Grabovski in neutral zone.
14:28 of 2nd period - Slapshot by Pavel Vorobiev.
14:28 of 2nd period - Shot Misses the Net.
14:50 of 2nd period - Phil Oreskovic is hit by Anders Lee and loses puck.
15:05 of 2nd period - Wrist shot by James Van Riemsdyk.
15:05 of 2nd period - Shot Misses the Net.
15:21 of 2nd period - Snap shot by Vladimir Sobotka.
15:21 of 2nd period - Shot Misses the Net.
15:37 of 2nd period - Wrist shot by Mikhail Grabovski.
15:37 of 2nd period - Stopped by Ray Emery with a rebound.
15:39 of 2nd period - Slapshot by Jonathan Ferland.
15:39 of 2nd period - Shot Misses the Net.
16:20 of 2nd period - Minor Penalty to Colby Robak for Roughing.
16:21 of 2nd period - Mikael Granlund wins face-off versus Vladimir Sobotka in Inferno zone.
16:56 of 2nd period - Phil Oreskovic is hit by Brendan Mikkelson and loses puck.
18:20 of 2nd period - Penalty to Colby Robak is over, Colby Robak is back on ice.
18:54 of 2nd period - Off-side.
18:55 of 2nd period - Vladimir Sobotka wins face-off versus Anton Gustafsson in neutral zone.
18:58 of 2nd period - Snap shot by Brendan Mikkelson.
18:58 of 2nd period - Shot Blocked by Jeremy Williams.
19:00 of 2nd period - Slapshot by Yannick Weber.
19:00 of 2nd period - Stopped by Ray Emery with a rebound.
19:02 of 2nd period - Slapshot by Vladimir Zharkov.
19:02 of 2nd period - Shot Misses the Net.
19:04 of 2nd period - Slapshot by Vladimir Zharkov.
19:04 of 2nd period - Shot Blocked by Jeremy Williams.
19:06 of 2nd period - Slapshot by Vladimir Sobotka.
19:06 of 2nd period - Shot Misses the Net.
19:08 of 2nd period - Snap shot by David Ullstrom.
19:08 of 2nd period - Stopped by Ray Emery without a rebound.
19:09 of 2nd period - Mikhail Grabovski wins face-off versus Andy Miele in Carnivores zone.
Goals for this period are 3 for Carnivores vs 2 for Inferno.
Shots for this period are 19 for Carnivores vs 6 for Inferno.
3rd period
0:01 of 3rd period - Mikael Granlund wins face-off versus Mikhail Grabovski in neutral zone.
0:06 of 3rd period - Mikael Granlund is hit by Jonathan Ferland and loses puck.
0:51 of 3rd period - Slapshot by Brendan Mikkelson.
0:51 of 3rd period - Stopped by Ray Emery with a rebound.
0:57 of 3rd period - Pavel Vorobiev is hit by Chris Butler and loses puck.
1:35 of 3rd period - Wrist shot by Beau Bennett.
1:35 of 3rd period - Stopped by Ray Emery with a rebound.
1:41 of 3rd period - Wrist shot by Cal O'Reilly.
1:41 of 3rd period - Shot Misses the Net.
2:14 of 3rd period - Minor Penalty to Colby Robak for Tripping.
2:15 of 3rd period - Mikael Granlund wins face-off versus Vladimir Sobotka in Inferno zone.
3:06 of 3rd period - Wrist shot by Mikael Granlund.
3:06 of 3rd period - Deflect By David Savard.
3:06 of 3rd period - Shot Blocked by Sami Vatanen.
3:06 of 3rd period - Puck is out of play.
3:07 of 3rd period - Vladimir Sobotka wins face-off versus Andy Miele in Inferno zone.
3:21 of 3rd period - Off-side.
3:22 of 3rd period - Vladimir Sobotka wins face-off versus Andy Miele in neutral zone.
3:47 of 3rd period - Brian Boyle is hit by Brendan Gallagher and loses puck.
4:14 of 3rd period - Penalty to Colby Robak is over, Colby Robak is back on ice.
4:24 of 3rd period - Slapshot by Jonathan Ferland.
4:24 of 3rd period - Shot Blocked by Chris Butler.
4:38 of 3rd period - Wrist shot by Colton Orr.
4:38 of 3rd period - Deflect By Billy Sweat.
4:38 of 3rd period - Stopped by Michael Hutchinson without a rebound.
4:39 of 3rd period - Cal O'Reilly wins face-off versus Anton Lander in Inferno zone.
5:33 of 3rd period - Snap shot by David Ullstrom.
5:33 of 3rd period - Shot Misses the Net.
5:35 of 3rd period - Snap shot by David Ullstrom.
5:35 of 3rd period - Stopped by Ray Emery with a rebound.
5:37 of 3rd period - Snap shot by Yannick Weber.
5:37 of 3rd period - Stopped by Ray Emery with a rebound.
5:39 of 3rd period - Snap shot by David Ullstrom.
5:39 of 3rd period - Stopped by Ray Emery with a rebound.
5:55 of 3rd period - Snap shot by Stephane Veilleux.
5:55 of 3rd period - Shot Blocked by Phil Oreskovic.
5:57 of 3rd period - Slapshot by David Savard.
5:57 of 3rd period - Deflect By Jonathan Ferland.
5:57 of 3rd period - Stopped by Ray Emery without a rebound.
5:58 of 3rd period - Anton Gustafsson wins face-off versus Mikhail Grabovski in Carnivores zone.
6:07 of 3rd period - Snap shot by Jeremy Williams.
6:07 of 3rd period - Shot Misses the Net.
6:09 of 3rd period - Slapshot by Frederic St-Denis.
6:09 of 3rd period - Stopped by Michael Hutchinson without a rebound.
6:10 of 3rd period - Mikhail Grabovski wins face-off versus Mikael Granlund in Inferno zone.
6:19 of 3rd period - Slapshot by David Savard.
6:19 of 3rd period - Shot Misses the Net.
6:21 of 3rd period - Wrist shot by Stephane Veilleux.
6:21 of 3rd period - Shot Misses the Net.
6:23 of 3rd period - Slapshot by David Savard.
6:23 of 3rd period - Stopped by Ray Emery with a rebound.
6:25 of 3rd period - Snap shot by Stephane Veilleux.
6:25 of 3rd period - Deflect By Jonathan Ferland.
6:25 of 3rd period - Goal by Jonathan Ferland - Carnivores : 4 - Inferno : 4.
6:26 of 3rd period - Mikael Granlund wins face-off versus Mikhail Grabovski in neutral zone.
7:31 of 3rd period - Cal O'Reilly is hit by James Van Riemsdyk and loses puck.
7:53 of 3rd period - Off-side.
7:54 of 3rd period - Anton Lander wins face-off versus Mikhail Grabovski in neutral zone.
7:56 of 3rd period - Off-side.
7:57 of 3rd period - Anton Lander wins face-off versus Stephane Veilleux in neutral zone.
8:02 of 3rd period - Snap shot by Colton Orr.
8:02 of 3rd period - Stopped by Michael Hutchinson without a rebound.
8:03 of 3rd period - Mikael Granlund wins face-off versus Mikhail Grabovski in Inferno zone.
8:08 of 3rd period - Slapshot by James Van Riemsdyk.
8:08 of 3rd period - Stopped by Michael Hutchinson with a rebound.
8:32 of 3rd period - Wrist shot by Vladimir Zharkov.
8:32 of 3rd period - Stopped by Ray Emery without a rebound.
8:33 of 3rd period - Andy Miele wins face-off versus Vladimir Zharkov in Carnivores zone.
8:33 of 3rd period - Andy Miele is hit by Vladimir Sobotka.
8:38 of 3rd period - Icing by Phil Oreskovic.
8:39 of 3rd period - Mikhail Grabovski wins face-off versus Andy Miele in Carnivores zone.
9:08 of 3rd period - Wrist shot by Vladimir Sobotka.
9:08 of 3rd period - Stopped by Ray Emery without a rebound.
9:09 of 3rd period - Mikael Granlund wins face-off versus Vladimir Sobotka in Carnivores zone.
9:18 of 3rd period - Wrist shot by Vladimir Zharkov.
9:18 of 3rd period - Stopped by Ray Emery without a rebound.
9:19 of 3rd period - Mikael Granlund wins face-off versus Mikhail Grabovski in Carnivores zone.
9:58 of 3rd period - Snap shot by Mikael Granlund.
9:58 of 3rd period - Shot Blocked by Yannick Weber.
10:14 of 3rd period - Snap shot by Cal O'Reilly.
10:14 of 3rd period - Deflect By Beau Bennett.
10:14 of 3rd period - Shot Misses the Net.
10:14 of 3rd period - Puck is out of play.
10:15 of 3rd period - Andy Miele wins face-off versus Cal O'Reilly in Carnivores zone.
10:15 of 3rd period - Andy Miele is hit by David Savard.
10:38 of 3rd period - Minor Penalty to Cal O'Reilly for Tripping.
10:39 of 3rd period - Vladimir Sobotka wins face-off versus Andy Miele in Inferno zone.
10:52 of 3rd period - Snap shot by Chris Lawrence.
10:52 of 3rd period - Stopped by Michael Hutchinson with a rebound.
10:54 of 3rd period - Snap shot by Blake Geoffrion.
10:54 of 3rd period - Shot Misses the Net.
11:16 of 3rd period - Icing by Bobby Sanguinetti.
11:17 of 3rd period - Brian Boyle wins face-off versus Blake Geoffrion in Carnivores zone.
12:18 of 3rd period - Icing by John Moore.
12:19 of 3rd period - Mikhail Grabovski wins face-off versus Mikael Granlund in Carnivores zone.
12:38 of 3rd period - Penalty to Cal O'Reilly is over, Cal O'Reilly is back on ice.
12:44 of 3rd period - Slapshot by Bobby Sanguinetti.
12:44 of 3rd period - Deflect By Yannick Weber.
12:44 of 3rd period - Stopped by Michael Hutchinson with a rebound.
12:53 of 3rd period - Yannick Weber is hit by Chris Butler and loses puck.
13:08 of 3rd period - Frederic St-Denis is hit by Brian Boyle.
13:30 of 3rd period - Minor Penalty to Jeremy Welsh for Holding.
13:31 of 3rd period - Anton Lander wins face-off versus Mikhail Grabovski in Carnivores zone.
13:40 of 3rd period - Snap shot by Mikhail Grabovski.
13:40 of 3rd period - Stopped by Ray Emery with a rebound.
13:42 of 3rd period - Slapshot by Brendan Mikkelson.
13:42 of 3rd period - Shot Blocked by Phil Oreskovic.
13:44 of 3rd period - Slapshot by Yannick Weber.
13:44 of 3rd period - Stopped by Ray Emery with a rebound.
13:57 of 3rd period - Icing by David Ullstrom.
13:58 of 3rd period - Anton Lander wins face-off versus Vladimir Sobotka in Inferno zone.
13:59 of 3rd period - Wrist shot by Chris Lawrence.
13:59 of 3rd period - Deflect By Anton Lander.
13:59 of 3rd period - Stopped by Michael Hutchinson without a rebound.
14:00 of 3rd period - Vladimir Sobotka wins face-off versus Anton Lander in Inferno zone.
14:43 of 3rd period - Wrist shot by Stephane Veilleux.
14:43 of 3rd period - Stopped by Ray Emery with a rebound.
15:30 of 3rd period - Penalty to Jeremy Welsh is over, Jeremy Welsh is back on ice.
15:45 of 3rd period - Phil Oreskovic is hit by Colby Robak and loses puck.
15:57 of 3rd period - Icing by Colby Robak.
15:58 of 3rd period - Cal O'Reilly wins face-off versus Mikael Granlund in Inferno zone.
15:58 of 3rd period - Cal O'Reilly is hit by Brendan Gallagher.
16:03 of 3rd period - Sami Vatanen is hit by Frederic St-Denis and loses puck.
16:06 of 3rd period - Wrist shot by Beau Bennett.
16:06 of 3rd period - Stopped by Ray Emery without a rebound.
16:07 of 3rd period - Brian Boyle wins face-off versus Anton Gustafsson in Carnivores zone.
16:32 of 3rd period - Frederic St-Denis is hit by Stephane Veilleux and loses puck.
16:59 of 3rd period - Vladimir Sobotka is hit by Chris Lawrence and loses puck.
17:22 of 3rd period - Snap shot by Beau Bennett.
17:22 of 3rd period - Deflect By Cal O'Reilly.
17:22 of 3rd period - Stopped by Ray Emery without a rebound.
17:23 of 3rd period - Brian Boyle wins face-off versus Anton Gustafsson in Carnivores zone.
18:17 of 3rd period - Snap shot by Pavel Vorobiev.
18:17 of 3rd period - Stopped by Ray Emery with a rebound.
18:19 of 3rd period - Backhand shot by Sami Vatanen.
18:19 of 3rd period - Shot Blocked by Jeremy Welsh.
18:21 of 3rd period - Slapshot by Sami Vatanen.
18:21 of 3rd period - Stopped by Ray Emery with a rebound.
18:48 of 3rd period - Snap shot by Jeremy Williams.
18:48 of 3rd period - Goal by Jeremy Williams - Carnivores : 5 - Inferno : 4.
18:49 of 3rd period - Mikhail Grabovski wins face-off versus Anton Lander in neutral zone.
18:53 of 3rd period - Off-side.
18:54 of 3rd period - Dan Bylsma call a timeout for Inferno.
18:54 of 3rd period - Anton Lander wins face-off versus Mikhail Grabovski in neutral zone.
19:17 of 3rd period - Snap shot by Anton Lander.
19:17 of 3rd period - Shot Misses the Net.
19:19 of 3rd period - Snap shot by Chris Butler.
19:19 of 3rd period - Shot Blocked by Yannick Weber.
19:21 of 3rd period - Wrist shot by John Moore.
19:21 of 3rd period - Goal by John Moore - Carnivores : 6 - Inferno : 4.
19:22 of 3rd period - Anton Gustafsson wins face-off versus Brian Boyle in neutral zone.
19:22 of 3rd period - Anton Gustafsson is hit by Brendan Mikkelson.
19:26 of 3rd period - Slapshot by John Moore.
19:26 of 3rd period - Shot Blocked by Brendan Mikkelson.
19:28 of 3rd period - Snap shot by Jeremy Williams.
19:28 of 3rd period - Deflect By Anton Gustafsson.
19:28 of 3rd period - Stopped by Michael Hutchinson with a rebound.
19:30 of 3rd period - Snap shot by Bobby Sanguinetti.
19:30 of 3rd period - Stopped by Michael Hutchinson without a rebound.
19:31 of 3rd period - Brian Boyle wins face-off versus Anton Gustafsson in Inferno zone.
19:40 of 3rd period - Snap shot by Pavel Vorobiev.
19:40 of 3rd period - Shot Blocked by Anton Gustafsson.
19:46 of 3rd period - Wrist shot by Anton Gustafsson.
19:46 of 3rd period - Shot Blocked by Brian Boyle.
Goals for this period are 2 for Carnivores vs 1 for Inferno.
Shots for this period are 11 for Carnivores vs 18 for Inferno.
Output by the SimonT Hockey Simulator (STHS) for François Prévost -- Original Page W3C XHTML 1.0 Valid